 Dungeon Crawl Stone Soup version 0.29.0-5-ge4962eb29e (webtiles) character file.

Game seed: 11660256445352162796

81792 Axelsxxd the Protected (level 14, -18/125 HPs)
             Began as a Demigod Gladiator on Aug 28, 2022.
             Demolished by Donald
             ... wielding a +1 broad axe of electrocution
              (20 damage)
             ... on level 1 of the Orcish Mines on Aug 29, 2022.
             The game lasted 01:39:40 (25658 turns).

Axelsxxd the Protected (Demigod Gladiator)         Turns: 25658, Time: 01:39:41

Health: -18/125    AC: 27    Str: 34    XL:     14   Next: 87%
Magic:  17/17      EV: 13    Int: 14    God:
Gold:   1499       SH: 11    Dex: 17    Spells: 13/13 levels left

rFire   + + .      SeeInvis .   w - +2 mace (vorpal)
rCold   . . .      Faith    .   h - +0 buckler
rNeg    + . .      Spirit   .   H - +4 chain mail of Absolutism {rF+ Regen+ Dex+2}
rPois   .          Reflect  +   r - +1 helmet
rElec   .          Harm     .   u - +2 cloak
rCorr   .          Rampage  .   Y - +2 pair of gloves
Will    +....                   f - +0 pair of boots
Stlth   ..........              K - amulet of reflection
HPRegen 0.00/turn               D - ring "Uffiejir" {+Blink rN+ Str+3 Int+4}
MPRegen 0.15/turn               A - ring of protection from fire

@: inhibited regen
A: high MP 1, forlorn, divine attributes, inhibited regeneration
a: Evoke Blink


You were on level 1 of the Orcish Mines.
You visited 3 branches of the dungeon, and saw 20 of its levels.
You also visited: Bailey.

You collected 2614 gold pieces.
You spent 1115 gold pieces at shops.

Inventory:

Hand Weapons
 w - a +2 vorpal mace (weapon)
Missiles
 e - a javelin
 j - 2 curare-tipped darts (quivered)
 k - 25 poisoned darts
 N - 8 boomerangs
Armour
 f - a +0 pair of boots (worn)
 h - a +0 buckler (worn)
 r - a +1 helmet (worn)
 u - a +2 cloak (worn)
 y - a +3 plate armour of fire resistance
 H - the +4 chain mail of Absolutism (worn) {rF+ Regen+ Dex+2}
   (You found it on level 7 of the Dungeon)

   Dex:       It affects your dexterity (+2).
   rF:        It protects you from fire.
   Regen:     It increases your rate of health regeneration.
 Y - a +2 pair of gloves (worn)
Jewellery
 i - a ring of protection from cold
 m - a ring of willpower
 p - a ring of flight
 A - a ring of protection from fire (right hand)
 D - the ring "Uffiejir" (left hand) {+Blink rN+ Str+3 Int+4}
   (You found it on level 6 of the Dungeon)

   [ring of positive energy]

   Str:       It affects your strength (+3).
   Int:       It affects your intelligence (+4).
   rN:        It protects you from negative energy.
   +Blink:    It lets you blink.
 K - an amulet of reflection (around neck)
Wands
 v - a wand of digging (5)
 z - a wand of flame (23)
 J - a wand of charming (8)
 U - a wand of mindburst (16)
Scrolls
 d - 6 scrolls of enchant weapon
 g - 3 scrolls of fear
 l - 2 scrolls of identify
 o - 5 scrolls of teleportation
 s - 3 scrolls of blinking
 t - 4 scrolls of enchant armour
 B - 2 scrolls of amnesia
 C - a scroll of poison
 E - a scroll of brand weapon
 I - a scroll of summoning
 W - 2 scrolls of silence
 Z - 2 scrolls of magic mapping
Potions
 a - a potion of resistance {unknown}
 b - 6 potions of flight
 c - 2 potions of magic
 n - 14 potions of curing
 q - a potion of brilliance
 x - 11 potions of heal wounds
 G - a potion of haste
 O - 2 potions of ambrosia
 P - 5 potions of might
 S - 3 potions of cancellation
 X - 2 potions of invisibility
Miscellaneous
 L - a piece from Xom's chessboard (15/15)
 V - a phantom mirror


   Skills:
 * Level 11.9 Fighting
 * Level 12.0 Maces & Flails
 - Level 8.6 Throwing
 - Level 12.0 Armour
 - Level 8.0 Dodging
 - Level 7.0 Shields
 * Level 8.7 Evocations


You had 13 spell levels left.
You didn't know any spells.
Your spell library contained the following spells:

 Spells                   Type           Power      Damage    Failure   Level
 Apportation              Tloc           0%         N/A       75%         1
 Beastly Appendage        Tmut           0%         N/A       75%         1
 Foxfire                  Conj/Fire      0%         2x1d4     75%         1
 Magic Dart               Conj           0%         1d3       75%         1
 Necrotise                Necr           0%         1d4       75%         1
 Summon Small Mammal      Summ           0%         N/A       75%         1
 Call Imp                 Summ           0%         N/A       86%         2
 Poisonous Vapours        Pois/Air       0%         N/A       86%         2
 Static Discharge         Conj/Air       0%         3-3/arc   86%         2
 Wereblood                Tmut           0%         N/A       86%         2
 Confusing Touch          Hex            0%         N/A       98%         3
 Conjure Flame            Conj/Fire      0%         6-21      98%         3
 Frozen Ramparts          Ice            0%         1d1       98%         3
 Ignite Poison            Fire/Tmut/Pois 0%         N/A       98%         3
 Inner Flame              Hex/Fire       0%         N/A       98%         3
 Lesser Beckoning         Tloc           0%         N/A       98%         3
 Mephitic Cloud           Conj/Pois/Air  0%         N/A       98%         3
 Spider Form              Tmut/Pois      0%         N/A       98%         3
 Animate Armour           Summ/Erth      0%         N/A       100%        4
 Corpse Rot               Necr/Pois/Air  0%         N/A       100%        4
 Dispel Undead            Necr           0%         3d6       100%        4
 Flame Wave               Conj/Fire      0%         2d4       100%        4
 Ice Form                 Ice/Tmut       0%         N/A       100%        4
 Iskenderun's Mystic Bla  Conj/Tloc      0%         2d3       100%        4
 Sticky Flame             Conj/Fire      0%         2d3       100%        4
 Summon Ice Beast         Ice/Summ       0%         N/A       100%        4
 Blade Hands              Tmut           0%         N/A       100%        5
 Lightning Bolt           Conj/Air       0%         1d11      100%        5
 Manifold Assault         Tloc           0%         N/A       100%        5
 Yara's Violent Unravell  Hex/Tmut       0%         3d3       100%        5
 Death Channel            Necr           0%         N/A       100%        6
 Iron Shot                Conj/Erth      0%         9d1       100%        6
 Enfeeble                 Hex            0%         N/A       100%        7
 Malign Gateway           Summ/Tloc      0%         N/A       100%        7
 Maxwell's Capacitive Co  Air            0%         ∞         100%        8
 Chain Lightning          Conj/Air       0%         N/A       100%        9
 Fire Storm               Conj/Fire      0%         5d1       100%        9
 Shatter                  Erth           0%         3d5*      100%        9


Dungeon Overview and Level Annotations

Branches:
Dungeon (13/15)            Temple (0/1) D:7            Lair (5/5) D:10
  Swamp (0/4) Lair:3       Spider (0/4) Lair:3        Slime (0/5) Lair:5
    Orc (2/2) D:12            Elf (0/3) Orc:2        Bailey (visited)
 Vaults: D:13-14

Shops:
D:3 [   Orc:2 *!**

Annotations:
D:4 ImASeal's ghost, amateur DrAr
D:7 1 runed translucent door, lurch's ghost, novice GnHu
D:9 1 runed translucent door, 112233's ghost, novice FeFE
D:13 1 runed translucent door, Wemm's ghost, journeyman SpEn
Orc:1 Donald
Orc:2 1 runed translucent door, Fv001's ghost, journeyman GrFi


Innate Abilities, Weirdness & Mutations

You have an increased reservoir of magic. (+10% MP)
You shall have no god before yourself.
Your divine heritage dramatically boosts your attributes as you level up.
You do not regenerate when monsters are visible.


Message History

Donald is almost dead.
The now-empty wand crumbles to dust.
Donald says, "These orcs are so stupid, they must've eaten the rune."
Donald misses you. You block Donald's attack. Donald blocks your attack.
Donald is almost dead.
You block Donald's attack.
You hit Donald but do no damage.
Donald is almost dead.
Donald hits you with a +1 broad axe of electrocution.
You are electrocuted!
You hit Donald but do no damage.
Donald is almost dead.
Donald hits you with a +1 broad axe of electrocution!
You barely miss Donald.
Donald is almost dead.
You block Donald's attack. Donald closely misses you.
You hit Donald but do no damage.
Donald is almost dead.
Donald says, "These orcs are so stupid, they must've eaten the rune."
Donald hits you with a +1 broad axe of electrocution!
Donald blocks your attack.
Donald is almost dead.
You block Donald's attack.
You barely miss Donald.
Donald is severely wounded.
Donald hits you with a +1 broad axe of electrocution!!
You thump Donald!
Donald is almost dead.
Donald hits you with a +1 broad axe of electrocution!!
Donald hits you but does no damage. Donald blocks your attack.
Donald is almost dead.
You block Donald's attack.
You closely miss Donald.
Donald is almost dead.
Donald hits you with a +1 broad axe of electrocution!!!
* * * LOW HITPOINT WARNING * * *
You are electrocuted!!
You die...

##### ##.##..#####.##
###.#.#####.........#...#######
##.......##.#.##..........#.##.#
#....#.........#................
###...###.......................#
.##..###.#...........#.#...#...##
......#.............###.........#
.......#.#.....@[[..............#
#.#.....#......[@[.........#...##
.#.......#.....))).......###..###
........###.......##.....##...###
........##........#.#...##....##.
.................#...#...........
....................#.......#.#..
..#........................#.....
.#.........................##....
###............#.......#..#####..


You could see Donald (fast, strong).

Vanquished Creatures
  An orc warlord (Orc:1)
  Nessos (Orc:2)
  A fire dragon (Lair:5)
  2 boulder beetles
  4 ogre magi (Orc:2)
  6 hydras
  A catoblepas (Lair:4)
  14 two-headed ogres
  7 death yaks
  A swamp dragon (Lair:5)
  An orc knight (Bailey)
  Pikel (D:8)
  A necromancer (D:13)
  A deep elf zephyrmancer (Bailey)
  A deep elf pyromancer (D:12)
  A wolf spider (Lair:5)
  4 orc sorcerers
  3 cyclopes
  9 elephants
  8 black mambas
  2 gargoyles (D:12)
  8 cane toads
  10 komodo dragons
  Maggie (D:8)
  An unseen horror (D:10)
  18 rime drakes
  2 kobold demonologists
  A polar bear (shapeshifter) (D:13)
  12 polar bears
  9 trolls
  A hornet (D:9)
  A tyrant leech (Lair:3)
  3 raiju (Lair:5)
  A dream sheep (Lair:5)
  12 blink frogs
  3 shadows
  3 wraiths
  4 basilisks
  48 yaks
  13 steam dragons
  2 vampires
  3 wyverns
  11 humans (D:13)
  4 vampire mosquitoes (D:10)
  6 wargs
  3 swamp worms (Lair:3)
  14 hell hounds (Lair:5)
  2 acid dragons
  19 water moccasins
  Duvessa (D:6)
  A swamp drake (Lair:5)
  2 ice beasts
  20 orc warriors
  13 black bears
  3 sky beasts
  24 ogres
  28 wolves
  7 centaurs
  A phantom (D:5)
  2 kobold brigands
  Blork the orc (D:6)
  3 gnoll sergeants
  10 bullfrogs
  A necrophage (D:6)
  A scorpion (D:5)
  8 wights
  2 troll zombies (D:12)
  Dowan (D:6)
  5 killer bees (D:9)
  3 howler monkeys (D:12)
  4 bullfrog zombies (D:6)
  A human zombie (D:6)
  6 orc priests
  2 centaur zombies (D:6)
  A gnoll bouda (D:4)
  3 hounds
  An iron imp (D:9)
  7 iguanas
  7 orc wizards
  2 killer bee zombies (D:6)
  6 ogre zombies (D:12)
  2 mummies (D:6)
  25 gnolls
  6 adders
  A white imp (D:6)
  An ufetubus (D:7)
  2 worms
  3 dart slugs
  33 orcs
  7 ball pythons
  4 bats
  10 endoplasms
  5 giant cockroaches
  9 goblins
  6 hobgoblins
  3 jackals (D:4)
  10 quokkas
  3 frilled lizards
  3 goblin zombies (D:12)
  3 hobgoblin skeletons (D:12)
  3 hobgoblin zombies (D:12)
  21 kobolds
  6 orc skeletons (D:12)
  10 orc zombies (D:12)
  7 rats
645 creatures vanquished.

Vanquished Creatures (collateral kills)
  2 ogres (Orc:1)
  An orc (Orc:1)
3 creatures vanquished.

Vanquished Creatures (others)
  A rime drake (Lair:3)
  An orc wizard (Orc:2)
  An orc (Orc:1)
  22 fungi
  86 plants
  4 withered plants
115 creatures vanquished.

Grand Total: 763 creatures vanquished

Notes
Turn   | Place    | Note
-------+----------+-------------------------------------------
     0 | D:1      | Axelsxxd the Demigod Gladiator began the quest for the Orb.
     0 | D:1      | Reached XP level 1. HP: 17/17 MP: 3/3
   224 | D:1      | Reached XP level 2. HP: 24/24 MP: 4/4
  1152 | D:2      | Reached XP level 3. HP: 30/30 MP: 5/5
  1794 | D:3      | Found Qirroy's Antique Armour Shoppe.
  2298 | D:3      | Reached XP level 4. HP: 23/37 MP: 6/6
  2301 | D:3      | Reached skill level 1 in Armour
  2605 | D:3      | Gained mutation: You have sharp toenails. [potion of
                  | mutation]
  2605 | D:3      | Gained mutation: Your mind is acute. (Int +4, Str/Dex -1)
                  | [potion of mutation]
  2605 | D:3      | Lost mutation: Your mind is acute. (Int +4, Str/Dex -1)
                  | [potion of mutation]
  3405 | D:4      | Found a transporter.
  3407 | D:4      | Noticed a phantom
  3693 | D:4      | Noticed ImASeal's ghost (amateur DrAr)
  3695 | D:4      | Found a transporter.
  3799 | D:4      | Reached XP level 5. HP: 45/45 MP: 7/7
  4188 | D:4      | Identified the +5 sling of Gewniuke {speed, rN+}
  4326 | D:5      | Entered Level 5 of the Dungeon
  4584 | D:5      | Noticed a black bear
  4598 | D:5      | Killed a black bear
  4669 | D:5      | Reached XP level 6. HP: 44/52 MP: 8/8
  5475 | D:6      | Reached skill level 5 in Maces & Flails
  5475 | D:6      | Reached XP level 7. HP: 26/60 MP: 9/9
  5693 | D:6      | Noticed Blork the orc
  5716 | D:6      | Killed Blork the orc
  5717 | D:6      | Reached skill level 1 in Shields
  5988 | D:6      | Reached skill level 5 in Fighting
  6141 | D:6      | Noticed Duvessa
  6141 | D:6      | Noticed Dowan
  6164 | D:6      | Killed Duvessa
  6165 | D:6      | Reached XP level 8. HP: 48/68 MP: 10/10
  6178 | D:6      | Killed Dowan
  6571 | D:6      | Identified the ring "Uffiejir" {+Blink rN+ Str+3 Int+4}
  7444 | D:7      | Found a runed translucent door.
  7445 | D:7      | Noticed lurch's ghost (novice GnHu)
  7445 | D:7      | Noticed a +0 scimitar of chaos
  7516 | D:7      | Found a staircase to the Ecumenical Temple.
  7522 | D:7      | Lost mutation: You have sharp toenails. [potion of
                  | mutation]
  7522 | D:7      | Gained mutation: You have sharp toenails. [potion of
                  | mutation]
  7902 | D:7      | Reached XP level 9. HP: 67/75 MP: 11/11
  7997 | D:7      | Reached skill level 5 in Dodging
  8109 | D:7      | Identified the +4 chain mail of Absolutism {rF+ Regen+
                  | Dex+2}
  8449 | D:8      | Noticed a two-headed ogre
  8466 | D:8      | Killed a two-headed ogre
  8579 | D:8      | Identified the -1 pair of boots of Generosity {rElec rC+}
  8717 | D:8      | Reached skill level 5 in Armour
  8857 | D:8      | Noticed Maggie
  8867 | D:8      | Killed Maggie
  8868 | D:8      | Reached XP level 10. HP: 77/84 MP: 13/13
  8975 | D:8      | Noticed Pikel
  8990 | D:8      | Killed Pikel
  8991 | D:8      | Reached skill level 5 in Shields
  9074 | D:8      | Reached skill level 5 in Throwing
  9856 | D:9      | Found a runed translucent door.
  9857 | D:9      | Noticed 112233's ghost (novice FeFE)
 10191 | D:10     | Entered Level 10 of the Dungeon
 10312 | D:10     | Found a flagged portal.
 10332 | Bailey   | Entered a bailey
 10466 | Bailey   | Found a large runed translucent door.
 10466 | Bailey   | Found a large runed translucent door.
 10468 | Bailey   | Noticed a deep elf zephyrmancer
 10517 | Bailey   | Noticed an orc knight
 10545 | Bailey   | Killed an orc knight
 10668 | Bailey   | Killed a deep elf zephyrmancer
 10746 | D:10     | Noticed a two-headed ogre
 10756 | D:10     | Killed a two-headed ogre
 10757 | D:10     | Reached XP level 11. HP: 87/94 MP: 14/14
 10812 | D:10     | Found a staircase to the Lair.
 10812 | D:10     | Noticed a death yak
 10813 | D:10     | Noticed a death yak
 10817 | D:10     | Noticed a death yak
 10818 | D:10     | Noticed a death yak
 10818 | D:10     | Noticed a death yak
 10819 | D:10     | Noticed a death yak
 10819 | D:10     | Noticed a death yak
 10829 | D:10     | Noticed a two-headed ogre
 11230 | D:9      | Killed a two-headed ogre
 11293 | D:10     | Reached skill level 1 in Evocations
 11435 | D:9      | Killed a death yak
 11512 | D:9      | Killed a death yak
 11666 | D:9      | Killed a death yak
 11753 | D:9      | Killed a death yak
 11878 | D:10     | Killed a death yak
 12017 | D:9      | Killed a death yak
 12099 | D:10     | Killed a death yak
 12149 | D:11     | Noticed a five-headed hydra
 12155 | D:11     | Killed a five-headed hydra
 12187 | D:11     | Noticed a two-headed ogre
 12200 | D:11     | Killed a two-headed ogre
 12228 | D:11     | You fall into a shaft and drop 1 floor!
 12569 | D:12     | Found a staircase to the Orcish Mines.
 12754 | D:12     | Reached XP level 12. HP: 77/104 MP: 15/15
 13617 | D:12     | Reached skill level 10 in Armour
 13919 | Lair:1   | Entered Level 1 of the Lair of Beasts
 13992 | Lair:1   | You fall into a shaft and drop 1 floor!
 14283 | Lair:1   | Reached skill level 5 in Evocations
 14326 | Lair:1   | Noticed a four-headed hydra
 14337 | Lair:1   | Killed a four-headed hydra
 14610 | Lair:1   | Reached skill level 10 in Maces & Flails
 15101 | Lair:2   | Noticed a five-headed hydra
 15111 | Lair:2   | Killed a five-headed hydra
 15521 | Lair:2   | Reached skill level 10 in Fighting
 15534 | Lair:2   | Noticed a five-headed hydra
 15540 | Lair:2   | Killed a five-headed hydra
 15940 | Lair:3   | Reached XP level 13. HP: 113/113 MP: 16/16
 16850 | Lair:3   | Found the +4 robe of Folly {Brilliance Will-∞ Int+8}
 16854 | Lair:3   | Got the Volume of Wanderlust
 16943 | Lair:3   | Found a staircase to the Swamp.
 17631 | Lair:3   | Found a hole to the Spider Nest.
 19187 | Lair:5   | Entered Level 5 of the Lair of Beasts
 19423 | Lair:5   | Found a staircase to the Slime Pits.
 19817 | Lair:5   | Reached XP level 14. HP: 122/122 MP: 17/17
 21760 | D:13     | Found a runed translucent door.
 21760 | D:13     | Noticed Wemm's ghost (journeyman SpEn)
 22295 | Orc:1    | Entered Level 1 of the Orcish Mines
 22350 | Orc:1    | Paralysed by an orc sorcerer for 2 turns
 22384 | D:12     | Gained mutation: Potions are less effective at restoring
                  | your health. [a neqoxec]
 22591 | Orc:2    | Entered Level 2 of the Orcish Mines
 22996 | Orc:2    | Found a staircase to the Elven Halls.
 23727 | Orc:2    | Noticed an orc warlord
 23772 | Orc:1    | Killed an orc warlord
 24151 | Orc:2    | Noticed Nessos
 24160 | Orc:2    | Killed Nessos
 24753 | Orc:2    | Paralysed by an orc sorcerer for 4 turns
 24803 | Orc:2    | Found a runed translucent door.
 24803 | Orc:2    | Noticed Fv001's ghost (journeyman GrFi)
 24839 | Orc:2    | Noticed Donald
 24876 | Orc:1    | HP: 6/125 [Donald/+1 broad axe of electrocution (43)]
 25479 | Orc:2    | Found Damupt's General Store.
 25479 | Orc:2    | Found Bayro's Distillery.
 25480 | Orc:2    | Found Codoph's Assorted Antiques.
 25480 | Orc:2    | Found Keunk's Assorted Antiques.
 25487 | Orc:2    | Bought a wand of flame (4) for 44 gold pieces
 25487 | Orc:2    | Bought a potion of curing for 48 gold pieces
 25488 | Orc:2    | Bought 2 potions of curing for 192 gold pieces
 25488 | Orc:2    | Bought a scroll of identify for 64 gold pieces
 25488 | Orc:2    | Bought an ivory ring for 160 gold pieces
 25489 | Orc:2    | Bought a potion of heal wounds for 175 gold pieces
 25490 | Orc:2    | Bought a potion of curing for 36 gold pieces
 25490 | Orc:2    | Bought a potion of might for 48 gold pieces
 25490 | Orc:2    | Bought a potion of curing for 36 gold pieces
 25490 | Orc:2    | Bought a potion of mutation for 96 gold pieces
 25490 | Orc:2    | Bought a potion of heal wounds for 60 gold pieces
 25490 | Orc:2    | Bought a potion of invisibility for 96 gold pieces
 25490 | Orc:2    | Bought a potion of heal wounds for 60 gold pieces
 25490 | Orc:2    | Lost mutation: Potions are less effective at restoring your
                  | health. [potion of mutation]
 25490 | Orc:2    | Lost mutation: You have sharp toenails. [potion of
                  | mutation]
 25490 | Orc:2    | Gained mutation: You do not regenerate when monsters are
                  | visible. [potion of mutation]
 25658 | Orc:1    | HP: 2/125 [Donald/+1 broad axe of electrocution (44)]
 25658 | Orc:1    | Demolished by Donald

Illustrated notes

Levels and vault maps discovered:
D:1:      lemuel_arrival_river_passageway, layout_rooms,
          chequers_ecumenical_altar_lobes
D:2:      minmay_diamond_boxcup, layout_basic
D:3:      wad_woods_stonehenge, layout_basic, nicolae_overflow_hidden_temple,
          mainiacjoe_overflow_small_starburst, serial_shops, shop
D:4:      layout_basic, lightli_temple_of_fire, gammafunk_ghost_mausoleum,
          wad_floor_pattern_2
D:5:      layout_cave_pools
D:6:      layout_gridville, nemelex_dance_club_becter,
          mainiacjoe_overflow_brackets, lemuel_mausoleum_altar_yredelemnul,
          kennysheep_generic_room_12, uniq_duvessa, uniq_blork_the_orc
D:7:      layout_basic, elyvilon_altar_5, minmay_temple_entry_large_hall,
          ebering_ghost_xom
D:8:      layout_loops_corners, kennysheep_generic_room_10, uniq_pikel,
          uniq_maggie
D:9:      layout_big_octagon, slow_altar_2, gammafunk_ghost_grave,
          corner_web_ring
D:10:     layout_loops_ring, nzn_wu_jian_contemplation, dpeg_lair_monsters,
          enter_bailey_5, dk_noncrumbling_3
D:11:     layout_roguey, chequers_decorated_corner,
          chequers_serial_rivers_micro_c
D:12:     layout_roguey, zombieorc2_lemuel, minmay_sticks_and_stones
D:13:     layout_cave_pools, grunt_vaults_entry_tiered, gammafunk_ghost_grave,
          hive_lemuel
Lair:1:   layout_gridlike
Lair:2:   layout_cave_pods
Lair:3:   layout_layer_cave, minmay_swamp_entry_worms, spider_nest_entry_webs,
          bobbens_dragon_lair_wall, grunt_megastairs_3
Lair:4:   layout_hall_layers, chequers_serial_rivers_room_a
Lair:5:   guppyfry_lair_end_dragon, layout_regular_city,
          hangedman_lair_caniforms_friends, slime_entry_1,
          chequers_serial_rivers_micro_e
Orc:1:    layout_caves, nicolae_orc_stony_grotto
Orc:2:    st_orc_ogre_mass, layout_caves, gammafunk_ghost_grave, uniq_donald,
          uniq_nessos

Skill      XL: |  1  2  3  4  5  6  7  8  9 10 11 12 13 14 |
---------------+-------------------------------------------+-----
Fighting       | 2 3 4 5 6 8 9 10 11 | 11.9
Maces & Flails | 3 4 5 6 7 8 9 10 11 12 | 12.0
Throwing       | 2 3 4 6 7 8 |  8.6
Dodging        | 3 4 5 6 8 |  8.0
Armour         | 1 2 3 5 7 9 10 11 12 | 12.0
Shields        | 1 2 4 5 6 7 |  7.0
Evocations     | 3 5 7 8 |  8.7

Action                   |  1- 3 |  4- 6 |  7- 9 | 10-12 | 13-15 || total
-------------------------+-------+-------+-------+-------+-------++-------
Melee: Flail             |   171 |   197 |   372 |    23 |       ||   763
       Punch             |     2 |     2 |       |       |       ||     4
       Kick              |       |     1 |       |       |       ||     1
       Whip              |       |       |       |  1657 |  2060 ||  3717
       Mace              |       |       |       |       |   327 ||   327
Throw: Javelin           |     1 |       |    16 |     8 |     2 ||    27
       Dart              |       |    13 |    13 |     1 |       ||    27
       Throwing net      |       |     2 |     3 |       |       ||     5
 Abil: Evoke Blink       |       |       |       |     1 |       ||     1
Evoke: Piece from Xom's  |       |       |       |     7 |       ||     7
       Wand              |       |       |       |    16 |    21 ||    37
  Use: Scroll            |       |     9 |     8 |     8 |     9 ||    34
       Potion            |       |     1 |     2 |     4 |     7 ||    14
 Stab: Held in net/web   |       |     2 |     2 |       |       ||     4
       Invisible         |       |       |       |     1 |     1 ||     2
Armor: Leather armour    |    13 |       |       |       |       ||    13
       Ring mail         |    63 |    75 |       |       |       ||   138
       Scale mail        |       |    47 |   138 |       |       ||   185
       Chain mail        |       |       |    28 |   543 |   826 ||  1397
Dodge: Dodged            |   127 |   160 |   212 |   402 |   949 ||  1850
Block: Buckler           |       |     1 |    76 |   567 |  1117 ||  1761
       Reflection        |       |       |       |     3 |    19 ||    22
